 Dungeon Crawl Stone Soup version 0.22-a0-181-gb22368a (webtiles) character file.

269968 vishdafish the Fencer (level 19, -3/149 HPs)
             Began as a Demonspawn Skald on Feb 15, 2018.
             Was the Champion of Yredelemnul.
             Slain by a saltling (24 damage)
             ... in the Desolation of Salt.
             The game lasted 02:50:31 (41863 turns).

vishdafish the Fencer (Demonspawn Skald)           Turns: 41863, Time: 02:50:34

Health: -3/149     AC: 21    Str: 21    XL:     19   Next: 79%
Magic:  0/30       EV: 20    Int: 20    God:    Yredelemnul [******]
Gold:   5785       SH: 15    Dex: 17    Spells: 14/33 levels left

rFire    + . .     SeeInvis .   l - +5 scimitar (freeze)
rCold    . . .     Gourm    .   M - +2 shield
rNeg     + + +     Faith    +   b - +3 leather armour of the Orb Guardian {Str+4 Slay+5}
rPois    .         Spirit   +   (helmet unavailable)
rElec    .         Reflect  .   i - +1 cloak
rCorr    .         Harm     .   u - +0 pair of gloves
MR       ++...                  o - +2 pair of boots
Stlth    +.........             D - amulet of Isigora {Faith rN+++ MR+ Int+3 Dex+4}
HPRegen  0.34/turn              L - ring of wizardry
MPRegen  0.44/turn              Y - +2 ring of protection

@: lethally poisoned (-3 -> -3), about to teleport
A: horns 3, molten scales 3, mutation resistance 1, spiny 3, magic shield, magic
regeneration, subdued magic 1
}: 1/15 runes: gossamer
a: Recall Undead Slaves, Injury Mirror, Animate Dead, Drain Life, Enslave Soul,
Renounce Religion


You were in the Desolation of Salt.
You worshipped Yredelemnul.
Yredelemnul was exalted by your worship.
You were not hungry.

You visited 8 branches of the dungeon, and saw 36 of its levels.
You visited 1 bazaar.
You also visited: Ossuary and Desolation.

You collected 6786 gold pieces.
You spent 1001 gold pieces at shops.

Inventory:

Hand Weapons
 a - a +2 scimitar of flaming
 f - a +5 blowgun
 l - a +5 scimitar of freezing (weapon)
Missiles
 y - 18 curare-tipped needles
 R - 3 throwing nets (quivered)
Armour
 b - the +3 leather armour of the Orb Guardian (worn) {Str+4 Slay+5}
   (You found it on level 12 of the Dungeon)

   It affects your strength (+4).
   It affects your accuracy and damage with ranged weapons and melee attacks
   (+5).
 i - a +1 cloak (worn)
 o - a +2 pair of boots (worn)
 u - a +0 pair of gloves (worn)
 B - a scarf of resistance
 M - a +2 shield (worn)
Jewellery
 D - the amulet of Isigora (around neck) {Faith rN+++ MR+ Int+3 Dex+4}
   (You found it on level 3 of the Spider Nest)

   [amulet of faith]

   It allows you to gain divine favour quickly.
   It affects your intelligence (+3).
   It affects your dexterity (+4).
   It renders you almost immune to negative energy.
   It affects your resistance to hostile enchantments.
 L - a ring of wizardry (left hand)
 Y - a +2 ring of protection (right hand)
Wands
 c - a wand of disintegration (17)
 g - a wand of iceblast (18)
 s - a wand of acid (36)
 I - a wand of clouds (4)
 J - a wand of digging (20)
 N - a wand of polymorph (24)
 O - a wand of random effects (86)
 P - a wand of paralysis (31)
Scrolls
 e - 15 scrolls of remove curse
 k - 5 scrolls of identify
 m - 10 scrolls of amnesia
 n - 13 scrolls of enchant weapon
 p - 6 scrolls of enchant armour
 q - 2 scrolls of fog
 r - 8 scrolls of magic mapping
 K - 3 scrolls of brand weapon
 Q - 6 scrolls of immolation
 S - 15 scrolls of teleportation
 T - 2 scrolls of torment
 V - a scroll of vulnerability
 Z - 3 scrolls of fear
Potions
 j - 4 potions of curing
 t - a potion of heal wounds
 v - 8 potions of ambrosia
 w - 4 potions of might
 z - 6 potions of flight
 A - 5 potions of cancellation
 E - 6 potions of agility
 G - 3 potions of haste
 H - 3 potions of berserk rage
 U - 5 potions of magic
 W - 3 potions of mutation
Books
 h - a book of Necromancy

   Spells                             Type                      Level
   a - Pain                           Necromancy                   1
   b - Animate Skeleton               Necromancy                   1
   c - Vampiric Draining              Necromancy                   3
   d - Regeneration                   Charms/Necromancy            3
   e - Animate Dead                   Necromancy                   4
 x - Roxanne's Catalogue of Stones
   (You took it off Roxanne on level 15 of the Dungeon)

   Spells                             Type                      Level
   a - Sandblast                      Earth                        1
   b - Passwall                       Transmutation/Earth          2
   c - Leda's Liquefaction            Hexes/Earth                  4
   d - Lee's Rapid Deconstruction     Earth                        5
   e - Statue Form                    Transmutation/Earth          6
 F - a book of Unlife

   Spells                             Type                      Level
   a - Recall                         Summoning/Translocation      3
   b - Animate Dead                   Necromancy                   4
   c - Borgnjor's Vile Clutch         Necromancy/Earth             5
   d - Death Channel                  Necromancy                   6
   e - Simulacrum                     Ice/Necromancy               6
 X - a book of Beasts

   Spells                             Type                      Level
   a - Summon Butterflies             Summoning                    1
   b - Call Canine Familiar           Summoning                    3
   c - Summon Ice Beast               Ice/Summoning                4
   d - Summon Mana Viper              Hexes/Summoning              5
   e - Summon Hydra                   Summoning                    7
Miscellaneous
 C - a sack of spiders
Comestibles
 d - 54 rations


   Skills:
 - Level 13.0 Fighting
 - Level 15.3 Long Blades
   Level 3.3 Polearms
 - Level 13.0 Armour
 + Level 12.0 Dodging
 - Level 12.7 Shields
 * Level 7.7 Spellcasting
 - Level 6.5 Charms
 - Level 8.0 Necromancy
 - Level 10.6 Earth Magic
 - Level 8.5 Invocations
 - Level 6.0 Evocations


You had 14 spell levels left.
You knew the following spells:

 Your Spells              Type           Power        Failure   Level  Hunger
a - Infusion              Chrm           ####         1%          1    None
b - Song of Slaying       Chrm           ####....     1%          2    None
c - Borgnjor's Vile Clut  Necr/Erth      ####......   2%          5    #####..
d - Regeneration          Chrm/Necr      ####......   1%          3    None
e - Passwall              Tmut/Erth      ###.......   1%          2    None
f - Summon Butterflies    Summ           #.......     4%          1    None
g - Lee's Rapid Deconstr  Erth           #####.....   1%          5    #####..


Dungeon Overview and Level Annotations

Branches:
Dungeon (15/15)            Temple (1/1) D:4            Lair (6/6) D:10
 Shoals (0/4) Lair:4       Spider (4/4) Lair:4        Slime (0/5) Lair:5
    Orc (2/2) D:12            Elf (1/3) Orc:2        Vaults (4/5) D:14
  Crypt (0/3) Vaults:2     Depths (3/5) D:15

Altars:
Ashenzari
Dithmenos
Elyvilon
Fedhas
Gozag
Kikubaaqudgha
Makhleb
Nemelex Xobeh
Sif Muna
Trog
Uskayaw
Vehumet
Wu Jian
Yredelemnul
Zin
The Shining One
Beogh

Shops:
D:4 [:(   D:5 *   D:6 *   Orc:1 *   Orc:2 (!!:   Vaults:2 !   Vaults:3 (([**
Vaults:4 =   Depths:1 *   Depths:3 ==}

Portals:
Hell: Depths:1 Depths:2 Depths:3
Pandemonium: Depths:1 Depths:3
Ziggurat: Depths:3

Annotations:
D:4 1 transporter
Vaults:4 Mennas


Innate Abilities, Weirdness & Mutations

You have a pair of large horns on your head.
You are completely covered in molten scales. (AC +4, rF+)
You are completely covered in sharp spines.
When hurt, damage is shared between your health and your magic reserves.
You regenerate magic rapidly.
You are somewhat resistant to further mutation.
Your spells are a little easier to cast, but a little less powerful.


Message History

The zombie hands constrict the crystal guardian.
The zombie hands constrict the saltling. x3
You feel sick.
The saltling no longer looks unusually strong.
The zombie hands release their grip on the saltling. x2
The peacekeeper bites you!!
* * * LOW HITPOINT WARNING * * *
You kill the ragged hierophant!
Yredelemnul accepts your kill. The peacekeeper closely misses you.
The saltling is struck by your spines. The saltling hits you.
* * * LOW HITPOINT WARNING * * *
You block the saltling's attack.
The peacekeeper is struck by your spines.
The peacekeeper bites you but does no damage.
You block the peacekeeper's attack.
The crystal guardian hits you but does no damage.
You block the saltling's attack. The saltling hits you!!
You die...
Your body rises from the dead as a mindless zombie.

.##................
..§...............#
.#.................#.
#............∩.......
#....................
#...........∩.......
.#...................
#......8.............
#......8@##..........
#....8888##.........
#.§§§.)88...........
#§§§§§§.8§.p........
#§§.§§§§.§.......#.
.#§§§§§§§§........
8.§§§§§§§§.......
....8.§§§........
...........#§§§..


You could see a ragged hierophant, a crystal guardian, a peacekeeper and 7
saltlings.

Vanquished Creatures
  Mennas (Vaults:4)
  A shard shrike (shapeshifter) (Vaults:2)
  A golden dragon (Depths:3)
  Arachne (Spider:3)
  A tentacled monstrosity (Depths:2)
  A sphinx (Depths:2)
  A shadow dragon (Vaults:4)
  2 fire giants
  A frost giant (Depths:3)
  A ghost moth (Spider:4)
  A balrug (Depths:2)
  3 vault wardens (Vaults:2)
  An orc warlord (Orc:2)
  An emperor scorpion (Spider:4)
  A war gargoyle (Vaults:3)
  4 ironheart preservers
  5 stone giants
  5 very ugly things
  An entropy weaver (shapeshifter) (Depths:3)
  Nessos (D:15)
  An entropy weaver (Spider:3)
  A vampire knight (Vaults:2)
  A deep elf annihilator (Vaults:2)
  3 spark wasps
  A halazid warlock (Desolation)
  5 ettins
  A blizzard demon (Spider:3)
  3 fire dragons
  6 yaktaur captains
  A ragged hierophant (Desolation)
  Harold (Orc:1)
  A vault guard (Vaults:2)
  6 hydras
  3 ice dragons
  A rakshasa (Vaults:2)
  Fannar (D:10)
  Erica (D:10)
  A merfolk avatar (Lair:6)
  A peacekeeper (Desolation)
  An ogre mage (Vaults:4)
  A spriggan air mage (Depths:2)
  6 centaur warriors
  A dancing weapon (Elf:1)
  A deep troll shaman (Depths:2)
  A tengu warrior (Depths:1)
  2 deep troll earth magi
  12 two-headed ogres
  4 orc high priests (Orc:2)
  A deep elf knight (Elf:1)
  2 sun demons (Depths:2)
  3 spriggan berserkers
  An iron troll (Depths:2)
  Sonja (D:15)
  2 flayed ghosts
  A shadow wraith (Vaults:3)
  2 sixfirhies (Depths:3)
  A swamp dragon (shapeshifter) (Vaults:2)
  A torturous demonspawn (Depths:1)
  2 deep trolls
  3 skeletal warriors
  2 glowing orange brains
  A deep elf archer (Vaults:2)
  A wizard (Vaults:1)
  4 orb spiders
  4 ironbrand convokers
  Pikel (D:4)
  5 harpies
  10 orc knights
  A necromancer (Vaults:4)
  28 ugly things
  A manticore (Lair:6)
  6 orc sorcerers
  4 deep elf magi
  A salamander (shapeshifter) (Vaults:4)
  3 cyclopes
  A shining eye (shapeshifter) (D:15)
  2 moths of wrath
  16 wolf spiders
  An oklob plant (Lair:4)
  A salamander (Depths:2)
  4 elephants
  8 vault sentinels
  A guardian serpent (Desolation)
  2 black mambas
  11 spiny frogs
  A storm dragon simulacrum (Vaults:3)
  5 rime drakes
  2 gargoyles
  A hellwing (Depths:3)
  7 komodo dragons
  A hellion (Depths:3)
  11 demonic crawlers
  2 freezing wraiths
  An efreet (D:13)
  20 yaktaurs
  A kobold demonologist (D:12)
  An ice devil (Depths:3)
  A polar bear (shapeshifter) (Vaults:1)
  A tengu conjurer (Depths:2)
  4 polar bears
  3 steam dragons (D:7)
  8 trolls
  12 jumping spiders
  5 hornets
  A wind drake (Lair:6)
  3 dream sheep
  7 slime creatures
  8 saltlings
  9 blink frogs
  A hippogriff (shapeshifter) (Vaults:1)
  11 hippogriffs
  A flying skull (Vaults:2)
  A frost giant simulacrum (Vaults:4)
  45 redbacks
  16 tarantellas
  7 wyverns
  21 yaks
  13 humans (D:14)
  4 wraiths
  3 hungry ghosts
  3 fire elementals
  2 fire bats (Depths:3)
  2 basilisks (D:10)
  A chaos spawn (Depths:1)
  3 hogs (D:15)
  6 vampire mosquitoes
  4 swamp worms (Spider:1)
  11 wargs
  3 acid dragons
  A soldier ant (D:14)
  13 water moccasins
  7 porcupines
  2 hell hounds (D:13)
  A phantom (D:12)
  10 ice beasts
  43 orc warriors
  3 sky beasts
  A sky beast (shapeshifter) (D:15)
  13 wolves
  8 boggarts
  22 ogres
  8 centaurs
  14 crocodiles
  3 big kobolds
  An elf zombie (Ossuary)
  2 wyvern zombies
  7 bullfrogs
  A warg zombie (D:12)
  6 scorpions
  A water moccasin skeleton (D:9)
  4 killer bees
  4 wights (D:9)
  5 electric eels
  3 howler monkeys
  6 centaur zombies
  8 crimson imps
  15 jellies
  2 quasits
  2 centaur skeletons
  A yaktaur simulacrum (Vaults:1)
  6 hounds
  Crazy Yiuf (D:3)
  3 bullfrog skeletons
  30 orc priests
  17 orc wizards
  An iron imp (Depths:1)
  Terence (D:3)
  Ijyb (D:3)
  3 iguanas
  2 worker ants
  2 big kobold zombies (Ossuary)
  A hound skeleton (D:9)
  2 mummies (Ossuary)
  A howler monkey zombie (D:11)
  A howler monkey skeleton (D:5)
  8 gnolls
  15 adders
  6 shadow imps
  2 ufetubi
  5 oozes
  An adder zombie (D:8)
  An adder skeleton (D:7)
  8 worms
  3 dart slugs
  4 leopard geckos
  98 orcs
  5 bats
  12 giant cockroaches
  9 goblins
  9 hobgoblins
  11 kobolds
  3 quokkas
  2 frilled lizards (D:1)
  3 gnoll zombies (Ossuary)
  5 goblin zombies (Ossuary)
  A leopard gecko skeleton (D:6)
  An orc zombie (Ossuary)
  A quokka skeleton (D:9)
  10 rats
1026 creatures vanquished.

Vanquished Creatures (collateral kills)
  A golden dragon (Depths:2)
  A lich (Depths:3)
  2 tentacled monstrosities (Depths:3)
  A sphinx (Depths:2)
  2 tengu reavers
  Agnes (D:15)
  Roxanne (D:15)
  Kirke (D:15)
  Donald (Spider:1)
  5 vault wardens
  A deep elf sorcerer (Vaults:2)
  2 iron dragons
  2 frost giants
  A ghost moth (Spider:4)
  3 emperor scorpions
  A curse skull (Vaults:2)
  A spriggan defender (Depths:3)
  6 very ugly things
  An ironheart preserver (Vaults:3)
  An entropy weaver (Vaults:4)
  2 war gargoyles (Vaults:3)
  5 stone giants
  2 vampire knights
  Azrael (D:14)
  A spark wasp (Depths:3)
  2 ettins
  4 fire dragons
  A great orb of eyes (Vaults:1)
  Josephine (D:10)
  2 yaktaur captains
  5 ice dragons
  A vault guard (Vaults:1)
  2 hydras
  A hell beast (Depths:1)
  4 spriggan air magi (Depths:3)
  A catoblepas (Lair:5)
  5 rakshasas
  A death knight (Vaults:3)
  6 deep troll shamans
  5 centaur warriors
  6 ogre magi
  6 two-headed ogres
  A deep troll earth mage (Depths:2)
  2 orc high priests (Orc:2)
  A titan zombie (Vaults:4)
  2 vampire magi
  2 tengu warriors
  3 spriggan berserkers
  A deep elf knight (Vaults:3)
  6 iron trolls
  3 shadow wraiths
  8 deep trolls
  A skeletal warrior (D:10)
  3 flayed ghosts
  A phantasmal warrior (Vaults:3)
  4 ironbrand convokers
  A golden dragon skeleton (Vaults:4)
  3 deep elf magi
  14 orb spiders
  A wizard (Depths:3)
  6 orc knights
  2 harpies (Vaults:4)
  21 ugly things
  2 orc sorcerers
  A faun (shapeshifter) (Vaults:4)
  16 wolf spiders
  A wolf spider zombie (D:13)
  4 cyclopes
  A manticore (Lair:6)
  2 elephants (Lair:5)
  2 moths of wrath
  A black mamba (shapeshifter) (Depths:2)
  5 black mambas
  2 centaur zombies
  4 vault sentinels
  A centaur skeleton (D:14)
  A spiny frog (shapeshifter) (Vaults:2)
  2 spiny frogs (Lair:6)
  An orange demon (Spider:3)
  14 demonic crawlers
  4 komodo dragons
  A tormentor (Depths:3)
  2 torpor snails
  2 freezing wraiths
  An efreet (D:15)
  2 rime drakes (Lair:6)
  31 yaktaurs
  2 hellwings (Depths:1)
  A red devil (Spider:3)
  2 tengu conjurers (Depths:3)
  An ice devil (Depths:3)
  4 trolls
  32 jumping spiders
  A merfolk (shapeshifter) (Vaults:4)
  2 polar bears (Lair:6)
  8 hornets
  9 blink frogs
  6 slime creatures
  5 dream sheep (Lair:6)
  A hippogriff (Lair:2)
  A stone giant simulacrum (Vaults:3)
  A shadow (D:13)
  3 spriggans (Depths:3)
  9 yaks
  A fire bat (Depths:3)
  20 tarantellas
  A wraith (D:13)
  44 redbacks
  A yak (shapeshifter) (Vaults:3)
  2 hogs (D:15)
  3 humans (D:14)
  A basilisk (shapeshifter) (D:15)
  A basilisk (Lair:5)
  3 wargs
  6 vampire mosquitoes
  A swamp worm (shapeshifter) (D:15)
  3 swamp worms (Spider:1)
  4 water moccasins
  A soldier ant (shapeshifter) (Vaults:3)
  A hell hound (D:14)
  4 porcupines (Lair:1)
  16 orc warriors
  5 boggarts (Depths:1)
  3 centaurs
  10 ogres
  5 wolves
  4 crocodiles
  An elf simulacrum (Vaults:1)
  A big kobold (D:10)
  2 bullfrogs
  An earth elemental (Elf:1)
  2 scorpions
  9 killer bees
  4 electric eels
  A howler monkey (D:11)
  3 crimson imps
  A quasit (Depths:1)
  3 jellies (Lair:5)
  8 orc priests
  4 orc wizards
  2 bullfrog skeletons
  A worker ant (D:12)
  A gnoll (D:10)
  2 shadow imps (Depths:1)
  2 ufetubi
  5 worms (Spider:1)
  27 orcs
  2 bushes
  2 butterflies (Lair:6)
  24 fungi
  22 plants
646 creatures vanquished.

Vanquished Creatures (others)
  A profane servitor (Vaults:3)
  A bone dragon (Vaults:4)
  A spectral rakshasa (Depths:2)
  A vampire knight (Vaults:4)
  A yaktaur captain (Vaults:4)
  2 skeletal warriors
  An unseen horror (D:11)
  5 flayed ghosts
  2 wolf spider zombies (Spider:4)
  5 phantasmal warriors
  2 ugly thing zombies (D:14)
  A stone giant zombie (Vaults:3)
  A yaktaur (Depths:2)
  A hydra zombie (D:15)
  A redback zombie (Spider:4)
  A jumping spider zombie (Spider:3)
  An ice dragon zombie (Depths:3)
  3 flying skulls
  A tarantella zombie (Spider:1)
  4 vampires
  4 wraiths
  A wind drake zombie (Lair:6)
  A vampire mosquito (D:13)
  2 two-headed ogre zombies
  11 human zombies
  2 spiny frog zombies
  2 orc warriors
  An elephant zombie (D:11)
  A dream sheep zombie (Lair:6)
  3 hog zombies (D:15)
  3 vampire mosquito zombies (D:14)
  2 rime drake zombies (Lair:6)
  2 komodo dragon zombies (Lair:6)
  A yaktaur zombie (Vaults:2)
  2 hippogriff zombies
  2 cyclops zombies
  A water moccasin zombie (Lair:6)
  A hell hound zombie (D:13)
  4 warg zombies
  A polar bear zombie (Lair:6)
  A yak zombie (D:11)
  A troll zombie (D:11)
  6 wights
  5 centaur zombies
  A porcupine zombie (Lair:1)
  5 killer bee zombies (D:11)
  A sky beast zombie (D:14)
  An ogre zombie (Orc:1)
  A big kobold skeleton (D:10)
  An ogre skeleton (Vaults:2)
  A howler monkey zombie (D:11)
  14 orc zombies
  An iguana zombie (D:11)
  4 kobold zombies (D:12)
  10 fungi
  18 plants
154 creatures vanquished.

Grand Total: 1826 creatures vanquished

Notes
Turn   | Place    | Note
-------+----------+-------------------------------------------
     0 | D:1      | vishdafish the Demonspawn Skald began the quest for the Orb.
     0 | D:1      | Reached XP level 1. HP: 16/16 MP: 3/3
    50 | D:1      | Reached skill level 1 in Armour
    53 | D:1      | Reached skill level 2 in Long Blades
    55 | D:1      | Gained mutation: You are partially covered in sharp spines. [demonic ancestry]
    55 | D:1      | Reached XP level 2. HP: 12/22 MP: 0/5
   407 | D:1      | Reached XP level 3. HP: 23/27 MP: 6/6
  1497 | D:1      | Gained mutation: You are mostly covered in sharp spines. [demonic ancestry]
  1497 | D:1      | Reached XP level 4. HP: 13/34 MP: 4/7
  2295 | D:3      | Found an ancient bone altar of Kikubaaqudgha.
  2296 | D:3      | Found a glowing silver altar of Zin.
  2380 | D:3      | Found a runed door.
  2540 | D:3      | Gained mutation: You have a pair of small horns on your head. [demonic ancestry]
  2540 | D:3      | Reached XP level 5. HP: 33/39 MP: 8/8
  2737 | D:3      | Found a burning altar of Makhleb.
  2737 | D:3      | Noticed an Executioner
  2806 | D:3      | Noticed Terence
  2833 | D:3      | Killed Terence
  2833 | D:3      | Reached skill level 3 in Long Blades
  3017 | D:3      | Noticed Ijyb
  3040 | D:3      | Killed Ijyb
  3406 | D:4      | Found Onkitido's Book Emporium.
  3459 | D:4      | Found a transporter.
  3475 | D:4      | Found a transporter.
  3475 | D:4      | Noticed an ice beast
  3475 | D:4      | Noticed an ice beast
  3482 | D:4      | Killed an ice beast
  3482 | D:4      | Reached XP level 6. HP: 19/47 MP: 10/10
  3485 | D:4      | Killed an ice beast
  3676 | D:4      | Noticed an ice beast
  3696 | D:4      | Found Vipnyall's Armour Boutique.
  3809 | D:4      | Gained mutation: You are partially covered in molten scales. (AC +2) [demonic ancestry]
  3809 | D:4      | Reached XP level 7. HP: 50/52 MP: 6/11
  3840 | D:4      | Found a staircase to the Ecumenical Temple.
  3846 | Temple   | Entered the Ecumenical Temple
  3878 | Temple   | Became a worshipper of Yredelemnul the Dark
  4005 | D:4      | Reached skill level 4 in Long Blades
  4043 | D:4      | Noticed Pikel
  4077 | D:4      | Killed Pikel
  4077 | D:4      | Reached XP level 8. HP: 40/60 MP: 11/13
  4215 | D:4      | Found Kigoh's Weapon Boutique.
  4226 | D:4      | Found Otuf's Antique Armour Emporium.
  4501 | D:3      | Noticed Crazy Yiuf
  4506 | D:3      | Killed Crazy Yiuf
  4633 | D:5      | Entered Level 5 of the Dungeon
  4707 | D:5      | Reached skill level 5 in Long Blades
  4952 | D:5      | Found Ceodoq's General Store.
  5107 | D:5      | Bought a potion of might for 44 gold pieces
  5220 | D:5      | Got a smoking robe
  5231 | D:5      | Identified the +1 robe of Egoapp {Dex+4} (You found it on level 5 of the Dungeon)
  5456 | D:6      | Reached * piety under Yredelemnul
  5594 | D:6      | Reached skill level 6 in Long Blades
  5622 | D:6      | Found Rasum's Assorted Antiques.
  5630 | D:6      | Bought a scroll of identify for 58 gold pieces
  5689 | D:6      | Gained mutation: You have a pair of horns on your head. [demonic ancestry]
  5689 | D:6      | Reached XP level 9. HP: 55/67 MP: 15/15
  6210 | D:7      | Found a sand-covered staircase.
  6225 | Ossuary  | Entered an ossuary
  6240 | Ossuary  | Reached skill level 5 in Armour
  6371 | Ossuary  | Reached ** piety under Yredelemnul
  6397 | Ossuary  | Reached skill level 5 in Fighting
  6713 | D:7      | Reached skill level 5 in Spellcasting
  6903 | D:7      | Reached skill level 7 in Long Blades
  6903 | D:7      | Reached skill level 5 in Dodging
  7721 | D:8      | Noticed a two-headed ogre
  8154 | D:9      | Gained mutation: You are mostly covered in molten scales. (AC +3) [demonic ancestry]
  8154 | D:9      | Reached XP level 10. HP: 76/76 MP: 18/18
  8643 | D:8      | Killed a two-headed ogre
  8643 | D:8      | Reached skill level 8 in Long Blades
  8904 | D:9      | Reached skill level 1 in Shields
  9350 | D:9      | Found a radiant altar of Vehumet.
  9351 | D:9      | Found a burning altar of Makhleb.
  9409 | D:9      | Reached *** piety under Yredelemnul
  9461 | D:9      | Found a bloodstained altar of Trog.
  9481 | D:9      | Found a sparkling altar of Nemelex Xobeh.
  9887 | D:10     | Entered Level 10 of the Dungeon
 10010 | D:10     | Reached skill level 5 in Shields
 10013 | D:10     | Received a gift from Yredelemnul (a wight)
 10188 | D:10     | Noticed a three-headed hydra
 10200 | D:10     | Killed a three-headed hydra
 10281 | D:10     | Noticed an elephant
 10380 | D:11     | Killed an elephant
 10380 | D:11     | Gained mutation: When hurt, damage is shared between your health and your magic reserves. [demonic ancestry]
 10380 | D:11     | Reached XP level 11. HP: 68/81 MP: 20/20
 10528 | D:10     | Reached skill level 1 in Invocations
 10655 | D:10     | Found a staircase to the Lair.
 10947 | D:10     | Noticed Erica
 10994 | D:10     | Killed Erica
 10996 | D:10     | Noticed Fannar
 11029 | D:10     | Killed Fannar
 11519 | D:10     | Learned a level 2 spell: Song of Slaying
 11608 | D:10     | Reached skill level 5 in Invocations
 11863 | D:10     | Noticed Josephine
 11881 | D:11     | Reached **** piety under Yredelemnul
 11922 | D:11     | Reached skill level 1 in Polearms
 12315 | D:11     | Noticed a white ugly thing
 12315 | D:11     | Noticed a skeletal warrior
 12315 | D:11     | Noticed a skeletal warrior
 12315 | D:11     | Noticed a skeletal warrior
 12315 | D:11     | Noticed a skeletal warrior
 12315 | D:11     | Noticed a green ugly thing
 12316 | D:11     | Noticed a two-headed ogre
 12384 | D:10     | Noticed a two-headed ogre
 12394 | D:10     | Killed a two-headed ogre
 12523 | D:10     | Killed Josephine
 12686 | D:11     | Killed a two-headed ogre
 12918 | D:10     | Your ally Josephine died
 12919 | D:10     | Killed a skeletal warrior
 13079 | D:10     | Killed a skeletal warrior
 13282 | D:10     | Killed a skeletal warrior
 13374 | D:11     | Gained mutation: You regenerate magic rapidly. [demonic ancestry]
 13374 | D:11     | Reached XP level 12. HP: 89/89 MP: 19/21
 13382 | D:11     | Noticed an ice dragon
 13419 | D:10     | Killed an ice dragon
 13900 | D:11     | Received a gift from Yredelemnul (a wight)
 14261 | D:11     | Reached skill level 1 in Evocations
 14771 | D:12     | Found a staircase to the Orcish Mines.
 15065 | D:12     | Found a runed gate.
 15065 | D:12     | Found a runed gate.
 15065 | D:12     | Found a runed gate.
 15070 | D:12     | Noticed a deep troll earth mage
 15073 | D:12     | Noticed an ettin
 15103 | D:12     | Noticed an ettin
 15114 | D:12     | Noticed a yaktaur captain
 15134 | D:12     | Killed an ettin
 15147 | D:12     | Killed an ettin
 15147 | D:12     | Reached skill level 5 in Charms
 15148 | D:12     | Killed a yaktaur captain
 15148 | D:12     | Reached ***** piety under Yredelemnul
 15203 | D:12     | Killed a deep troll earth mage
 15219 | D:12     | Found a runed gate.
 15219 | D:12     | Found a runed gate.
 15219 | D:12     | Found a runed gate.
 15266 | D:12     | Identified the +4 plate armour of Lobumpirgh {rF- rC+ SInv Stlth+} (You found it on level 12 of the Dungeon)
 15332 | D:12     | Got a warped leather armour
 15343 | D:12     | Identified the +3 leather armour of the Orb Guardian {Str+4 Slay+5} (You found it on level 12 of the Dungeon)
 15523 | D:12     | Received a gift from Yredelemnul (3 flying skulls)
 15975 | D:12     | Received a gift from Yredelemnul (a wight)
 15981 | D:12     | Reached skill level 5 in Evocations
 16030 | D:12     | You fall through a shaft for 3 floors!
 16030 | D:15     | Entered Level 15 of the Dungeon
 16032 | D:15     | Noticed Sonja
 16042 | D:15     | Killed Sonja
 16102 | D:15     | Noticed an eight-headed hydra
 16109 | D:15     | Killed a five-headed hydra
 16195 | D:15     | Noticed a centaur warrior
 16197 | D:15     | Reached XP level 13. HP: 72/96 MP: 17/22
 16312 | D:15     | Noticed Kirke
 16361 | D:15     | Killed Kirke
 16851 | D:14     | Found a gate to the Vaults.
 17242 | D:13     | Noticed Azrael
 17372 | D:13     | Reached skill level 9 in Long Blades
 17712 | D:14     | Noticed Rupert
 17763 | D:13     | Received a gift from Yredelemnul (a wraith)
 17950 | D:13     | Received a gift from Yredelemnul (a wight)
 18262 | Lair:1   | Entered Level 1 of the Lair of Beasts
 18751 | Lair:1   | Received a gift from Yredelemnul (a wight)
 18944 | Lair:1   | Gained mutation: You are completely covered in molten scales. (AC +4, rF+) [demonic ancestry]
 18944 | Lair:1   | Reached XP level 14. HP: 104/106 MP: 23/23
 19314 | Lair:2   | Reached ****** piety under Yredelemnul
 19315 | Lair:2   | Received a gift from Yredelemnul (a phantasmal warrior)
 19473 | Lair:2   | Reached skill level 10 in Shields
 19477 | Lair:2   | Reached skill level 10 in Long Blades
 19883 | Lair:3   | Received a gift from Yredelemnul (a skeletal warrior)
 20479 | Lair:3   | Learned a level 5 spell: Borgnjor's Vile Clutch
 20526 | Lair:4   | Reached skill level 1 in Necromancy
 20543 | Lair:4   | Found a staircase to the Shoals.
 20744 | Lair:4   | Found a hole to the Spider Nest.
 21196 | Lair:4   | Received a gift from Yredelemnul (a vampire)
 21652 | Lair:5   | Found a staircase to the Slime Pits.
 21743 | Lair:5   | Received a gift from Yredelemnul (a vampire)
 22350 | Lair:6   | Entered Level 6 of the Lair of Beasts
 22443 | Lair:6   | Reached skill level 11 in Long Blades
 22449 | Lair:6   | Reached skill level 5 in Necromancy
 22463 | Lair:6   | Found the +6 shillelagh "Devastator" {shatter}
 22739 | Lair:6   | Received a gift from Yredelemnul (a wraith)
 23361 | Lair:6   | Received a gift from Yredelemnul (a vampire)
 23777 | Orc:1    | Entered Level 1 of the Orcish Mines
 23828 | Orc:1    | Received a gift from Yredelemnul (a wraith)
 23874 | Orc:1    | Gained mutation: You are completely covered in sharp spines. [demonic ancestry]
 23874 | Orc:1    | Reached XP level 15. HP: 94/115 MP: 21/24
 23879 | Orc:1    | Received a gift from Yredelemnul (a wraith)
 24114 | Orc:2    | Entered Level 2 of the Orcish Mines
 24247 | Orc:2    | Received a gift from Yredelemnul (a skeletal warrior)
 24363 | Orc:2    | Received a gift from Yredelemnul (a skeletal warrior)
 24581 | Orc:2    | Found a staircase to the Elven Halls.
 24688 | Orc:2    | Found a roughly hewn altar of Beogh.
 24688 | Orc:2    | Noticed an orc warlord
 24695 | Orc:2    | Received a gift from Yredelemnul (a phantasmal warrior)
 24702 | Orc:2    | Killed an orc warlord
 24731 | Orc:2    | Found Yfujeisewk's Distillery.
 24743 | Orc:2    | Bought a potion of heal wounds for 60 gold pieces
 24743 | Orc:2    | Bought a potion of heal wounds for 60 gold pieces
 24885 | Orc:2    | Reached skill level 10 in Fighting
 24895 | Orc:2    | Found a roughly hewn altar of Beogh.
 24902 | Orc:2    | Received a gift from Yredelemnul (a bone dragon)
 24941 | Orc:2    | Paralysed by an orc sorcerer for 4 turns
 24995 | Orc:2    | Found Viwn's Distillery.
 25001 | Orc:2    | Reached skill level 12 in Long Blades
 25011 | Orc:2    | Bought a potion of might for 64 gold pieces
 25011 | Orc:2    | Bought 2 potions of heal wounds for 160 gold pieces
 25019 | Orc:2    | Found Senasas's Book Shop.
 25029 | Orc:2    | Received a gift from Yredelemnul (a ghoul)
 25522 | Orc:2    | Found Unih's Antique Weapon Shop.
 25579 | Orc:2    | Reached skill level 1 in Earth Magic
 25594 | Orc:2    | Learned a level 3 spell: Regeneration
 25919 | Orc:1    | Found Kaim's Assorted Antiques.
 25937 | Orc:1    | Bought a scroll of identify for 66 gold pieces
 26017 | Orc:1    | Noticed Harold
 26028 | Orc:1    | Killed Harold
 26342 | D:13     | Received a gift from Yredelemnul (a vampire)
 26412 | D:13     | Received a gift from Yredelemnul (a ghoul)
 26668 | D:14     | Paralysed by Rupert for 6 turns
 26671 | D:14     | Killed Rupert
 26671 | D:14     | Enslaved Rupert
 26909 | D:14     | Killed Azrael
 27179 | D:15     | Noticed Nessos
 27190 | D:15     | Killed Nessos
 27195 | D:15     | Identified the +2 plate armour of Incorporation {rElec Str+2 Int+4 Dex+4} (You found it on level 15 of the Dungeon)
 27335 | D:15     | Noticed Agnes
 27345 | D:15     | Killed Agnes
 27481 | D:15     | Received a gift from Yredelemnul (a phantasmal warrior)
 27606 | D:15     | Found a staircase to the Depths.
 27673 | D:15     | Noticed Roxanne
 27682 | D:15     | Killed Roxanne
 27683 | D:15     | Identified Roxanne's Catalogue of Stones (You took it off Roxanne on level 15 of the Dungeon)
 28232 | Spider:1 | Entered Level 1 of the Spider Nest
 28370 | Spider:1 | Noticed Donald
 28375 | Spider:1 | Killed Donald
 28380 | Spider:1 | Received a gift from Yredelemnul (a profane servitor)
 28625 | Spider:1 | Gained mutation: You have a pair of large horns on your head. [demonic ancestry]
 28625 | Spider:1 | Reached XP level 16. HP: 122/124 MP: 21/25
 28674 | Spider:1 | Received a gift from Yredelemnul (a phantasmal warrior)
 28804 | Spider:1 | Received a gift from Yredelemnul (a ghoul)
 28880 | Spider:1 | Received a gift from Yredelemnul (a profane servitor)
 29472 | Spider:2 | Received a gift from Yredelemnul (a flayed ghost)
 29533 | Spider:2 | Received a gift from Yredelemnul (a flayed ghost)
 29625 | Spider:2 | Reached skill level 5 in Earth Magic
 29752 | Spider:2 | Received a gift from Yredelemnul (a skeletal warrior)
 29772 | Spider:2 | Learned a level 2 spell: Passwall
 29977 | Spider:3 | Noticed Arachne
 29990 | Spider:3 | Killed Arachne
 30002 | Spider:3 | Reached skill level 13 in Long Blades
 30020 | Spider:3 | Found a transporter.
 30186 | Spider:3 | Received a gift from Yredelemnul (a flayed ghost)
 30398 | Spider:3 | Reached skill level 10 in Armour
 30399 | Spider:3 | Reached skill level 10 in Dodging
 30405 | Spider:3 | Gained mutation: Scrolls take you a little longer to read. [the power of Zot]
 30405 | Spider:3 | Gained mutation: You are weak. (Str -2) [the power of Zot]
 30416 | Spider:3 | Found a transporter.
 30423 | Spider:3 | Got a steaming platinum amulet
 30426 | Spider:3 | Got a translucent bone amulet
 30441 | Spider:3 | Got a flickering brass ring
 30453 | Spider:3 | Learned a level 1 spell: Summon Butterflies
 30546 | Spider:3 | Lost mutation: Scrolls take you a little longer to read. [potion of mutation]
 30546 | Spider:3 | Lost mutation: You are weak. (Str -2) [potion of mutation]
 30546 | Spider:3 | Gained mutation: Your spells are a little easier to cast, but a little less powerful. [potion of mutation]
 30546 | Spider:3 | Gained mutation: You are somewhat resistant to further mutation. [potion of mutation]
 30727 | Spider:4 | Entered Level 4 of the Spider Nest
 30738 | Spider:4 | Received a gift from Yredelemnul (a vampire knight)
 30769 | Spider:4 | Received a gift from Yredelemnul (a skeletal warrior)
 30791 | Spider:4 | Identified the amulet of Isigora {Faith rN+++ MR+ Int+3 Dex+4} (You found it on level 3 of the Spider Nest)
 30898 | Spider:4 | Received a gift from Yredelemnul (a ghoul)
 30994 | Spider:4 | Got a gossamer rune of Zot
 31199 | Spider:4 | Reached XP level 17. HP: 124/131 MP: 24/26
 31674 | Vaults:1 | Entered Level 1 of the Vaults
 31813 | Vaults:1 | Identified the amulet "Herok" {Harm *Drain Str+3} (You found it on level 3 of the Spider Nest)
 31855 | Vaults:1 | Found a flickering gateway to a bazaar.
 31862 | Bazaar   | Entered a bazaar
 31866 | Bazaar   | Found Ynoeten's Antique Armour Boutique.
 31884 | Bazaar   | Found Zatuw's Assorted Antiques.
 31889 | Bazaar   | Bought a vibrating turquoise ring for 140 gold pieces
 31889 | Bazaar   | Bought a scroll labeled GIFRILLOXOE for 28 gold pieces
 31889 | Bazaar   | Bought a scroll labeled GIFRILLOXOE for 28 gold pieces
 31908 | Bazaar   | Found Geoptiurch's Antique Weapon Boutique.
 31928 | Bazaar   | Found Soocohik's Food Shoppe.
 32389 | Vaults:1 | Received a gift from Yredelemnul (a vampire knight)
 33007 | Vaults:1 | Received a gift from Yredelemnul (a vampire)
 33669 | Vaults:2 | Received a gift from Yredelemnul (a flayed ghost)
 33769 | Vaults:2 | Found Itymad's Distillery.
 33777 | Vaults:2 | Bought 2 potions of might for 152 gold pieces
 33777 | Vaults:2 | Bought a potion of heal wounds for 95 gold pieces
 33898 | Vaults:2 | Received a gift from Yredelemnul (a phantasmal warrior)
 34045 | Vaults:2 | Identified the cursed ring of Disaster {rN+ EV-2 Str+3} (You found it on level 3 of the Spider Nest)
 34156 | Vaults:2 | Identified the ring of Contentment {*Corrode rF+ Str+3 Int+2} (You bought it in a shop in a bazaar)
 34408 | Vaults:2 | Reached skill level 14 in Long Blades
 34584 | Vaults:2 | Found a staircase to the Crypt.
 34808 | Vaults:2 | Noticed a shard shrike
 34813 | Vaults:2 | Killed a shard shrike
 34842 | Vaults:2 | Received a gift from Yredelemnul (a vampire)
 35474 | Vaults:3 | Found Gozag's Antique Weapon Shoppe.
 35476 | Vaults:3 | Found an opulent altar of Gozag.
 35476 | Vaults:3 | Found Gozag's Antique Weapon Shoppe.
 35484 | Vaults:3 | Found Gozag's Antique Armour Emporium.
 35496 | Vaults:3 | Received a gift from Yredelemnul (a phantasmal warrior)
 35882 | Vaults:3 | Reached XP level 18. HP: 140/140 MP: 27/27
 35915 | Vaults:3 | Found Yngua's Assorted Antiques.
 35924 | Vaults:3 | Bought a scroll of identify for 46 gold pieces
 36061 | Vaults:3 | Found Oziuxa's Assorted Antiques.
 36487 | Vaults:3 | Noticed Mara
 36498 | Vaults:3 | Killed Mara
 36498 | Vaults:3 | Enslaved Mara
 36511 | Vaults:3 | Noticed vishdafish's illusion
 36861 | Vaults:4 | Received a gift from Yredelemnul (a vampire knight)
 36921 | Vaults:4 | Received a gift from Yredelemnul (a vampire)
 37230 | Vaults:4 | Found Riuxtiyr's Jewellery Boutique.
 37381 | Vaults:4 | Received a gift from Yredelemnul (a vampire)
 37414 | Vaults:4 | Noticed Mennas
 37430 | Vaults:4 | Killed Mennas
 37536 | Vaults:4 | Found a radiant altar of Vehumet.
 37838 | Vaults:4 | Received a gift from Yredelemnul (a ghoul)
 38439 | Depths:1 | Entered Level 1 of the Depths
 38718 | Depths:1 | Received a gift from Yredelemnul (a bone dragon)
 39013 | Depths:1 | Found Biylontoj's Blood Bar.
 39162 | Depths:1 | Received a gift from Yredelemnul (a flayed ghost)
 39173 | Depths:1 | Found a one-way gate leading to the halls of Pandemonium.
 39330 | Depths:1 | Found a gateway to Hell.
 39426 | Depths:2 | Reached skill level 10 in Earth Magic
 39444 | Depths:2 | Noticed a golden dragon
 39445 | Depths:2 | Reached skill level 15 in Long Blades
 39446 | Depths:2 | Received a gift from Yredelemnul (a profane servitor)
 39449 | Depths:2 | Found an opulent altar of Gozag.
 39453 | Depths:2 | Killed a golden dragon
 39465 | Depths:2 | Noticed a tentacled monstrosity
 39469 | Depths:2 | Reached XP level 19. HP: 64/147 MP: 8/28
 39636 | Depths:2 | Received a gift from Yredelemnul (a flayed ghost)
 39759 | Depths:2 | Your ally Mara died
 40576 | Depths:3 | Found a gateway to a ziggurat.
 40683 | Depths:3 | Noticed a golden dragon
 40729 | Depths:3 | Received a gift from Yredelemnul (a ghoul)
 40734 | Depths:3 | Killed a golden dragon
 40768 | Depths:3 | Found Moqeh's Gadget Emporium.
 40773 | Depths:3 | Found Diyshaz's Jewellery Shop.
 40773 | Depths:3 | Found Teneostre's Jewellery Shop.
 40843 | Depths:3 | Noticed a lich
 40849 | Depths:3 | Paralysed by a lich for 5 turns
 40851 | Depths:3 | Killed a lich
 40942 | Depths:3 | Received a gift from Yredelemnul (a skeletal warrior)
 41737 | Elf:1    | Entered Level 1 of the Elven Halls
 41803 | Elf:1    | Received a gift from Yredelemnul (a skeletal warrior)
 41810 | Elf:1    | Found a ruined gateway.
 41821 | Desolati | Entered the Desolation of Salt
 41828 | Desolati | Learned a level 5 spell: Lee's Rapid Deconstruction
 41863 | Desolati | Slain by a saltling

Vault maps used:
D:1:      roderic_crossed_star, st_stairs_14, minmay_misc_feat_hallway
D:3:      grunt_temple_overflow_open, first_ration, makhleb_altar_promises_db,
          uniq_ijyb, uniq_terence, uniq_crazy_yiuf_cottage
D:4:      gammafunk_cloud_chamber, minmay_temple_entry_grid, serial_shops, shop,
          shop_fountains, nicolae_shop_temple_entry_statues_fountains,
          nicolae_shop_overgrown_old_shop, uniq_pikel
D:5:      kennysheep_windowed_goal
D:6:      serial_shops, shop
D:7:      cheibrodos_steamvent, nicolae_ossuary_entry_ruins
D:9:      grunt_temple_overflow_lords_of_destruction,
          amethyst_overflow_temple_binary
D:10:     david_lair_generic, hangedman_ranch, nooodl_orcs_dogs, uniq_josephine,
          uniq_fannar, uniq_erica
D:11:     grunt_potential
D:12:     kennysheep_treasure_stockpile, minmay_orc_entry_guard_dogs
D:13:     special_room, uniq_azrael
D:14:     david_vaults_3
D:15:     gammafunk_enter_depths_forms, uniq_sonja, uniq_roxanne, uniq_kirke,
          uniq_agnes, uniq_nessos
Temple:   nicolae_temple_elliptical
Lair:1:   fungi_pond_lemuel, st_stairs_8, grunt_megastairs_3, lemuel_fruit_tree
Lair:2:   grunt_megastairs_2, infiniplex_staircase_pool
Lair:4:   minmay_shoals_entry_centaurs, spider_nest_entry_rubble,
          mumra_transporter_accident, grunt_megastairs_5, serial_bayou_shore_a
Lair:5:   minmay_slime_entry_jelly_boxes, st_stairs_3, lookout_lair_type
Lair:6:   gammafunk_lair_ancient_temple, serial_bayou_shore_b,
          serial_bayou_shore_b, lemuel_fruit_fields
Spider:1: worms_lemuel, uniq_donald
Spider:3: gammafunk_its_a_trap, spider_trap, nicolae_crawler_farm, uniq_arachne
Spider:4: grunt_spider_rune_parallel
Orc:1:    serial_shops, shop, uniq_harold
Orc:2:    pubby_orc_utopia, serial_shops
Elf:1:    portal_desolation_entry_salt, hangedman_elven_crosses_minicolossus
Vaults:1: st_cells, serial_ice_b, nicolae_vaults_little_squares_2,
          vaults_dpeg_ring, hangedman_vaults_nails, hangedman_vaults_pinch,
          nicolae_vaults_network_square, vaults_dpeg_hooks,
          ontoclasm_vaults_ring_square, vaults_dpeg_encased_lava, serial_shops,
          bzr_entry_safe
Vaults:2: minmay_crypt_entry_simple_walls, hangedman_vaults_nails,
          nicolae_vaults_big_ls, vaults_mumra_minichess,
          ontoclasm_vaults_ring_small, nicolae_vaults_little_squares_1,
          nicolae_vaults_what_the_h, v_misc_11, vaults_room_door_ring,
          serial_shops, shop
Vaults:3: kennysheep_vaults_gozag_temple, v_rooms_2, vaults_mumra_chevron,
          v_misc_4, nicolae_vaults_asterisk, ontoclasm_vaults_ligature,
          ontoclasm_vaults_twist, vaults_room_stairs_pillars,
          nicolae_vaults_theta, serial_shops, shop, nicolae_shop_behind_doors,
          uniq_mara
Vaults:4: nicolae_vaults_mini_display_case, hangedman_vaults_river_flow,
          v_misc_2, v_misc_10, ontoclasm_vaults_eye, nicolae_vaults_alarming,
          ontoclasm_vaults_decontamination, v_alt_pattern_1,
          nicolae_vaults_shelves_hall, nicolae_vaults_c_with_doors,
          ontoclasm_vaults_tryst, basic_altar, serial_shops, shop_fountains,
          uniq_mennas
Depths:1: grunt_pan_entry_sceptre, pf_hell_entry_great_geh,
          corexii_corridor_pit, guppyfry_shop_blood, serial_bayou_shore_b,
          roderic_lattice_octagonal_star
Depths:2: hangedman_cross_cluster, lightli_too_deep,
          serial_sigils_hangedman_scratch
Depths:3: minmay_expanding_squares, enter_ziggurat_b, hellmouth_1,
          minmay_misc_feat_nine_boxes, rand_demon_pan_entry_3,
          infiniplex_staircase_x, minmay_shop_grove, serial_bayou_shore_b
Bazaar:   bazaar_jpeg_circle_common
Ossuary:  minmay_ossuary_gauntlet

Skill      XL: |  1  2  3  4  5  6  7  8  9 10 11 12 13 14 15 16 17 18 19 |
---------------+----------------------------------------------------------+-----
Armour         | 1 2 3 4 5 6 7 8 9 10 11 12 13 | 13.0
Long Blades    | 2 3 4 6 7 8 9 11 12 13 14 15 | 15.3
Dodging        | 2 3 4 5 6 7 8 9 10 11 12 | 12.0
Charms         | 3 6 |  6.5
Fighting       | 3 4 5 6 7 8 9 10 11 12 13 | 13.0
Spellcasting   | 3 4 5 6 7 |  7.7
Shields        | 6 8 9 10 11 12 | 12.7
Invocations    | 7 8 |  8.5
Polearms       | 3 |  3.3
Evocations     | 5 6 |  6.0
Necromancy     | 6 8 |  8.0
Earth Magic    | 4 6 8 10 | 10.6

Action                   |  1- 3 |  4- 6 |  7- 9 | 10-12 | 13-15 | 16-18 | 19-21 || total
-------------------------+-------+-------+-------+-------+-------+-------+-------++-------
Melee: Falchion          |    85 |    99 |   350 |     9 |       |       |       ||   543
       Headbutt          |       |    15 |    63 |   113 |   199 |   287 |    76 ||   753
       Scimitar          |       |       |       |   489 |   998 |  1004 |   228 ||  2719
       Unarmed           |       |       |       |       |    13 |       |       ||    13
 Fire: Blowgun           |       |       |       |       |     2 |       |       ||     2
Throw: Throwing net      |       |       |     1 |     2 |       |       |       ||     3
 Cast: Infusion          |     4 |     5 |     1 |       |       |       |       ||    10
       Song of Slaying   |       |       |       |       |    22 |    23 |     1 ||    46
       Regeneration      |       |       |       |       |     6 |    65 |    28 ||    99
       Lee's Rapid Decon |       |       |       |       |       |       |     3 ||     3
       Borgnjor's Vile C |       |       |       |       |       |       |     1 ||     1
Invok: Animate Dead      |       |       |       |    25 |    75 |    19 |     3 ||   122
       Recall Undead Sla |       |       |       |     3 |    13 |     2 |     1 ||    19
       Drain Life        |       |       |       |       |     7 |     2 |     3 ||    12
       Enslave Soul      |       |       |       |       |     1 |     1 |       ||     2
Evoke: Wand              |       |       |     3 |    18 |    11 |     5 |    11 ||    48
       Sack of spiders   |       |       |       |       |       |     1 |       ||     1
  Use: Scroll            |       |     4 |    11 |    11 |    14 |     7 |     4 ||    51
       Potion            |       |     5 |     7 |     5 |     7 |     5 |     7 ||    36
 Stab: Held in net/web   |       |       |       |     2 |       |       |       ||     2
       Distracted        |       |       |       |     1 |    10 |    22 |     9 ||    42
       Confused          |       |       |       |       |     1 |       |       ||     1
       Paralysed         |       |       |       |       |     1 |       |       ||     1
       Sleeping          |       |       |       |       |       |       |     1 ||     1
  Eat: Chunk             |     2 |     7 |    10 |    10 |    23 |    29 |     7 ||    88
       Ration            |       |       |     1 |     7 |    13 |     6 |     2 ||    29
Armor: Leather armour    |    13 |    12 |       |    17 |   208 |   208 |    57 ||   515
       Scale mail        |       |    26 |   130 |       |       |       |       ||   156
       Skin              |       |       |    53 |    23 |       |       |       ||    76
       Steam dragon scal |       |       |    16 |   100 |       |       |       ||   116
Dodge: Dodged            |    63 |    55 |   153 |   250 |   384 |   453 |   120 ||  1478
Block: Shield            |       |       |       |   240 |   604 |   571 |   134 ||  1549
       Rpst.: Falchion   |    13 |    16 |    42 |       |       |       |       ||    71
       Scimitar          |       |       |       |    49 |    83 |    65 |    23 ||   220

Table legend:
 A = Spawn XP
 B = Non-spawn XP
 C = Spawn XP percentage of total XP
 D = Spawn monster count
 E = Non-spawn monster count
 F = Spawn count percentage of total count
 G = Total turns spent on level
                    A         B        C        D         E        F      G
               +---------+---------+-------+---------+---------+-------+---------
         Total |       0 |  454920 |   0.0 |       0 |    1620 |   0.0 | 41863
               +---------+---------+-------+---------+---------+-------+---------
           D:1 |       0 |     116 |   0.0 |       0 |      34 |   0.0 |  1723
           D:2 |       0 |      57 |   0.0 |       0 |      16 |   0.0 |   556
           D:3 |       0 |     183 |   0.0 |       0 |      18 |   0.0 |  1191
           D:4 |       0 |    1197 |   0.0 |       0 |      18 |   0.0 |  1105
           D:5 |       0 |     713 |   0.0 |       0 |      21 |   0.0 |   820
           D:6 |       0 |     656 |   0.0 |       0 |      23 |   0.0 |   734
           D:7 |       0 |    1881 |   0.0 |       0 |      22 |   0.0 |  1286
           D:8 |       0 |    1216 |   0.0 |       0 |      11 |   0.0 |   700
           D:9 |       0 |    2477 |   0.0 |       0 |      34 |   0.0 |  1457
          D:10 |       0 |   10918 |   0.0 |       0 |      45 |   0.0 |  2758
          D:11 |       0 |    6508 |   0.0 |       0 |      37 |   0.0 |  2236
          D:12 |       0 |    9806 |   0.0 |       0 |      54 |   0.0 |  1606
          D:13 |       0 |    6955 |   0.0 |       0 |      53 |   0.0 |  1085
          D:14 |       0 |   15780 |   0.0 |       0 |      54 |   0.0 |  1469
          D:15 |       0 |   22325 |   0.0 |       0 |      60 |   0.0 |  1636
        Lair:1 |       0 |    8467 |   0.0 |       0 |      45 |   0.0 |  1053
        Lair:2 |       0 |    5828 |   0.0 |       0 |      24 |   0.0 |   659
        Lair:3 |       0 |    3059 |   0.0 |       0 |       7 |   0.0 |   642
        Lair:4 |       0 |    4476 |   0.0 |       0 |      24 |   0.0 |  1019
        Lair:5 |       0 |    6152 |   0.0 |       0 |      33 |   0.0 |   934
        Lair:6 |       0 |   15508 |   0.0 |       0 |      66 |   0.0 |  1291
      Spider:1 |       0 |    9578 |   0.0 |       0 |      51 |   0.0 |  1095
      Spider:2 |       0 |   15309 |   0.0 |       0 |      63 |   0.0 |   564
      Spider:3 |       0 |   21255 |   0.0 |       0 |      85 |   0.0 |   870
      Spider:4 |       0 |   23442 |   0.0 |       0 |      78 |   0.0 |   748
         Orc:1 |       0 |    4623 |   0.0 |       0 |      28 |   0.0 |   526
         Orc:2 |       0 |   18259 |   0.0 |       0 |     153 |   0.0 |  1880
         Elf:1 |       0 |    4135 |   0.0 |       0 |       9 |   0.0 |    84
      Vaults:1 |       0 |   15476 |   0.0 |       0 |      42 |   0.0 |  1437
      Vaults:2 |       0 |   47816 |   0.0 |       0 |      95 |   0.0 |  2287
      Vaults:3 |       0 |   18926 |   0.0 |       0 |      30 |   0.0 |  1317
      Vaults:4 |       0 |   37186 |   0.0 |       0 |      73 |   0.0 |  1502
      Depths:1 |       0 |   28047 |   0.0 |       0 |      65 |   0.0 |  1013
      Depths:2 |       0 |   41523 |   0.0 |       0 |      59 |   0.0 |  1204
      Depths:3 |       0 |   39175 |   0.0 |       0 |      64 |   0.0 |   905
       Ossuary |       0 |     281 |   0.0 |       0 |      16 |   0.0 |   257
    Desolation |       0 |    5611 |   0.0 |       0 |      10 |   0.0 |    42
               +---------+---------+-------+---------+---------+-------+---------
